 Dungeon Crawl Stone Soup version 0.28-a0-519-gbfeecf2fc5 (webtiles) character file.

Game seed: 10260338205582693033

56 demibob the Poker (level 3, -2/29 HPs)
             Began as a Demonspawn Chaos Knight on Sept 24, 2021.
             Was a Plaything of Xom.
             Slain by a gnoll (7 damage)
             ... on level 2 of the Dungeon.
             The game lasted 00:02:23 (1434 turns).

demibob the Poker (Demonspawn Chaos Knight)         Turns: 1434, Time: 00:02:26

Health: -2/29      AC:  5    Str: 12    XL:     3   Next: 71%
Magic:  3/3        EV: 11    Int: 14    God:    Xom [..*...]
Gold:   63         SH:  0    Dex: 12    Spells: 2/2 levels left

rFire   . . .      SeeInvis .   g - staff of poison {!a}
rCold   . . .      Faith    .   (no shield)
rNeg    . . .      Spirit   .   b - +2 leather armour
rPois   +          Reflect  .   (no helmet)
rElec   .          Harm     .   (no cloak)
rCorr   .          Rampage  .   (no gloves)
Will    .....                   (no boots)
Stlth   +.........              (no amulet)
HPRegen 0.09/turn               (no ring)
MPRegen 0.08/turn               (no ring)

@: no status effects
A: demonic magic 1
a: Renounce Religion


You were on level 2 of the Dungeon.
You worshipped Xom.
You were a toy of Xom.
You visited 1 branch of the dungeon, and saw 2 of its levels.

You collected 63 gold pieces.


Innate Abilities, Weirdness & Mutations

Spells you cast may paralyse adjacent enemies.


   Skills:
 - Level 3.0 Fighting
 - Level 3.9 Polearms
 + Level 0.6(2.5) Staves
 - Level 1.7 Armour
 - Level 0.8 Dodging
 + Level 0.8 Poison Magic
 + Level 0.7 Evocations


You had 2 spell levels left.
You didn't know any spells.
Your spell library was empty.

Inventory:

Hand Weapons
 a - a +0 spear of chaos
Armour
 b - a +2 leather armour (worn)
Magical Staves
 g - a staff of poison (weapon) {!a}
Scrolls
 d - 3 scrolls of identify {unknown}
 e - a scroll of vulnerability {unknown}
Potions
 c - 3 potions of curing {unknown}
 f - 2 potions of flight {unknown}

Dungeon Overview and Level Annotations

Branches:
Dungeon (2/15)

Altars:

..# #.# ..# #.#.# ..# #.#.#
...# #.#.# ....# #.#.#
....###.#.#
###.######.......<#.#
(......@g....####.#.#
#....gg#.#..........#
#......#.#...######(# #
#.######......#.# ..# #.#.#
#.............#†###.######.#.##
#.............#)†..............
#.......#####...####.#####.#.##
#...)...# #...# #...#......#
#.......# #...# #.#.#.##.####


You could see 3 gnolls.


Message History

You are frozen.
* * * LOW HITPOINT WARNING * * *
You hit the endoplasm.
You kill the endoplasm!
You start resting.
A gnoll comes into view. It is wielding a +0 club.
You are too injured to fight recklessly!
f - 2 silvery potions (gained 1)
There are no items here.
You start resting.
A gnoll comes into view. It is wielding a +0 flail.
A gnoll comes into view. It is wielding a +0 spear.
Found 22 arrows.
The gnoll shouts! x3
The gnoll hits you from afar with a +0 spear.
* * * LOW HITPOINT WARNING * * *
The gnoll misses you.
You hit the gnoll.
The gnoll is lightly wounded.
The gnoll throws a boomerang.
The boomerang barely misses you. The gnoll hits you with a +0 flail.
* * * LOW HITPOINT WARNING * * *
The gnoll hits you but does no damage.
You hit the gnoll.
The gnoll is heavily wounded.
The gnoll throws a boomerang.
The boomerang hits you.
* * * LOW HITPOINT WARNING * * *
The gnoll hits you with a +0 flail!
You die...
Xom chuckles heartily!

Skill      XL: |  1 |
---------------+----+-----
Polearms       | 3 |  3.9
Fighting       | |  3.0
Staves         | |  0.6
Armour         | |  1.7
Dodging        | |  0.8
Poison Magic   | |  0.8
Evocations     | |  0.7

Action                   || total
-------------------------++-------
Melee: Spear             ||    88
       Staff             ||    70
Armor: Leather armour    ||    56
Dodge: Dodged            ||    92

Levels and vault maps discovered:
D:1:      sevenhm_arrival_forest_fort_large_2, layout_loops_cross,
          ebering_ecumenical_altar_ruins, hangedman_decor_growths
D:2:      layout_basic

Notes
Turn   | Place    | Note
-------+----------+-------------------------------------------
     0 | D:1      | demibob the Demonspawn Chaos Knight began the quest for the
                  | Orb.
     0 | D:1      | Reached XP level 1. HP: 18/18 MP: 1/1
    14 | D:1      | XOM: silly message
    35 | D:1      | XOM: 1-stop teleportation journey
   106 | D:1      | Reached skill level 3 in Polearms
   228 | D:1      | Gained mutation: Spells you cast may paralyse adjacent
                  | enemies. [demonic ancestry]
   228 | D:1      | Reached XP level 2. HP: 24/24 MP: 2/2
   552 | D:1      | XOM: 6-stop teleportation journey
   614 | D:1      | Found a faded altar of an unknown god.
   850 | D:1      | XOM: scenery: summon butterflies
  1002 | D:2      | Reached XP level 3. HP: 19/29 MP: 3/3
  1064 | D:2      | XOM: god gift: staff of poison
  1255 | D:2      | XOM: enchant monster (bad)
  1257 | D:2      | XOM: noise
  1434 | D:2      | Slain by a gnoll

Vanquished Creatures
  2 adders (D:2)
  2 worms (D:2)
  3 ball pythons
  3 endoplasms
  3 giant cockroaches
  2 goblins (D:1)
  7 jackals
  A quokka (D:1)
  2 bats (D:1)
  2 frilled lizards
  2 kobolds (D:2)
  A rat (D:2)
30 creatures vanquished.

Table legend: (Time is in decaauts)
 A = Elapsed time spent in this place.
 B = Non-inter-level travel time spent in this place.
 C = Inter-level travel time spent in this place.
 D = Time resting spent in this place.
 E = Time spent auto-exploring this place.
 F = Levels seen in this place.
 G = Mean time per level.
                   A        B        C        D        E       F      G
               +--------+--------+--------+--------+--------+-----+--------+
         Total |   1432 |   1382 |     50 |    122 |    995 |   2 |  716.0 |
       Dungeon |   1432 |   1382 |     50 |    122 |    995 |   2 |  716.0 |
               +--------+--------+--------+--------+--------+-----+--------+

Top non-repeatable levels by time:
     D:1: 860 daAuts
     D:2: 572 daAuts

Table legend:
 A = Non-vault XP
 B = Vault XP
 C = Vault XP percentage of total XP
 D = Non-vault monster count
 E = Vault monster count
 F = Vault count percentage of total count
                 A         B        C        D         E       F
            +---------+---------+-------+---------+---------+-------
      Total |      81 |       0 |   0.0 |      30 |       0 |   0.0
            +---------+---------+-------+---------+---------+-------
        D:1 |      24 |       0 |   0.0 |      13 |       0 |   0.0
        D:2 |      57 |       0 |   0.0 |      17 |       0 |   0.0
            +---------+---------+-------+---------+---------+-------
